 Dungeon Crawl Stone Soup version 0.22.1-1-ga44c0e5 (webtiles) character file.

84 Folque the Digger (level 4, -2/28 HPs)
             Began as an Octopode Earth Elementalist on Oct 6, 2018.
             Slain by Ijyb
             ... wielding a +3 dagger
              (6 damage)
             ... on level 3 of the Dungeon.
             The game lasted 00:06:18 (2122 turns).

Folque the Digger (Octopode Earth Elementalist)     Turns: 2122, Time: 00:06:19

Health: -2/28      AC:  1    Str:  5 (7)  XL:     4   Next: 45%
Magic:  1/7        EV: 13    Int: 16 (18) God:
Gold:   128        SH:  0    Dex: 10 (12) Spells: 7/8 levels left

rFire    . . .     SeeInvis .   s - +0 arbalest
rCold    . . .     Gourm    .   (shield currently unavailable)
rNeg     . . .     Faith    .   (helmet restricted)
rPois    .         Spirit   .   (no amulet)
rElec    .         Reflect  .   (no ring)
rCorr    .         Harm     .   (no ring)
MR       .....                  (no ring)
Stlth    +++.......             (no ring)
HPRegen  0.09/turn              (no ring)
MPRegen  0.10/turn              (no ring)
                                (no ring)
                                (no ring)

@: flying
A: almost no armour, stealthy swim, amphibious, 8 rings, constrict 8, camouflage
1, gelatinous body 1
a: no special abilities


You were on level 3 of the Dungeon.
You were not hungry.

You visited 1 branch of the dungeon, and saw 3 of its levels.

You collected 128 gold pieces.

Inventory:

Hand Weapons
 a - a +0 dagger
 h - a +0 short sword
 s - a +0 arbalest (weapon)
 v - a +0 long sword
Missiles
 b - 86 stones
 l - 37 sling bullets
 t - 12 bolts (quivered)
Jewellery
 g - a +6 amulet of reflection {unknown}
 j - an uncursed ring of positive energy {unknown}
Scrolls
 d - a scroll of immolation {unknown}
 e - 2 scrolls of amnesia {unknown}
 f - a scroll of magic mapping {unknown}
 m - 3 scrolls of identify {unknown}
 n - 2 scrolls of fog {unknown}
 o - a scroll of fear {unknown}
 p - a scroll of teleportation {unknown}
 u - a scroll of remove curse {unknown}
 w - a scroll of random uselessness {unknown}
 x - a scroll of enchant armour {unknown}
Potions
 i - a potion of flight
 r - 4 potions of curing {unknown}
Comestibles
 c - 2 rations
 q - 8 chunks of flesh


   Skills:
 - Level 1.2 Fighting
 * Level 1.2 Crossbows
 - Level 2.0 Dodging
 - Level 2.6 Stealth
 + Level 2.6 Spellcasting
   Level 1.0 Transmutations
 + Level 4.1 Earth Magic


You had 7 spell levels left.
You knew the following spells:

 Your Spells              Type           Power        Failure   Level  Hunger
a - Sandblast             Erth           ###...       3%          1    #......

Your spell library contained the following spells:

 Spells                   Type           Power        Failure   Level  Hunger
 Passwall                 Tmut/Erth      ##......     11%         2    ##.....
 Stone Arrow              Conj/Erth      #.....       26%         3    ###....
 Petrify                  Tmut/Erth      ##......     56%         4    #####..
 Lee's Rapid Deconstruct  Erth           ###.......   69%         5    ######.


Dungeon Overview and Level Annotations

Branches:
Dungeon (3/15)

Altars:
Wu Jian
Xom

Annotations:
D:3 Ijyb


Innate Abilities, Weirdness & Mutations

You cannot wear most types of armour.
You are very stealthy in the water. (Stealth+)
You are amphibious.
You can wear up to eight rings at the same time.
You can use your tentacles to constrict eight enemies at once.
Your skin changes colour to match your surroundings (Stealth+).
Your rubbery body absorbs attacks. (AC +1, EV +1)


Message History

Ijyb hits you but does no damage. Ijyb hits you with an enchanted dagger.
* * * LOW HITPOINT WARNING * * *
Firing (i - inventory. (/) - cycle)
t - 13 bolts (quivered)
Press: ? - help, Shift-Dir - straight line, f/p - goblin
Aim: a goblin, wielding a hunting sling and wearing a ring mail (heavily You shoot a bolt.
The bolt barely misses Ijyb.
The bolt closely misses the goblin.
The bolt barely misses the goblin.
Ijyb hits you with an enchanted dagger.
* * * LOW HITPOINT WARNING * * *
Ijyb hits you but does no damage.
It was a potion of degeneration.
There was something very wrong with that liquid.
You feel weakened.
You feel dopey.
You feel clumsy. Ijyb hits you with an enchanted dagger.
* * * LOW HITPOINT WARNING * * *
Sorry, you're not good enough to have a special ability.
It was a potion of flight.
You feel very buoyant.
You fly up into the air.
Ijyb hits you with an enchanted dagger.
You die...

##### ...# ## #
###.####### .##
#.#.........# ..
#.#.#.#####.# .#
#.....#
#.########.# #
###.###
#รท...@ggg.(#.##.#
#.#
########........#
#.#######
##(......#
#.......#
#8.....8#
#######.#
#.....$.# #.#
####8.....8# #.#
#..#.......#
#######.#
#.##8.....8#
#.......#
#.##.......#


You could see Ijyb and 2 goblins.

Vanquished Creatures
  A hound skeleton (D:3)
  An adder (D:2)
  An ooze (D:1)
  A worm (D:3)
  A dart slug (D:2)
  3 leopard geckos
  A giant cockroach (D:2)
  11 goblins
  9 hobgoblins
  3 kobolds
  A ball python (D:3)
  7 bats
  9 rats
49 creatures vanquished.

Notes
Turn   | Place    | Note
-------+----------+-------------------------------------------
     0 | D:1      | Folque the Octopode Earth Elementalist began the quest for
                  | the Orb.
     0 | D:1      | Reached XP level 1. HP: 11/11 MP: 3/3
   244 | D:1      | Reached XP level 2. HP: 18/18 MP: 5/5
   539 | D:1      | Reached skill level 1 in Fighting
   539 | D:1      | Reached XP level 3. HP: 12/23 MP: 4/6
  1402 | D:2      | Reached skill level 4 in Earth Magic
  1402 | D:2      | Reached XP level 4. HP: 18/28 MP: 7/7
  1594 | D:2      | Found an ornate altar of the Wu Jian Council.
  1600 | D:2      | Found a shimmering altar of Xom.
  1859 | D:3      | Reached skill level 1 in Crossbows
  1918 | D:3      | Noticed Ijyb
  2122 | D:3      | Slain by Ijyb

Skill      XL: |  1  2  3  4 |
---------------+-------------+-----
Fighting       | 1 |  1.2
Earth Magic    | 4 |  4.1
Crossbows      | 1 |  1.2
Dodging        | |  2.0
Stealth        | |  2.6
Spellcasting   | |  2.6
Transmutations | |  1.0

Action                   |  1- 3 |  4- 6 || total
-------------------------+-------+-------++-------
Melee: Short sword       |    67 |       ||    67
       Dagger            |     5 |       ||     5
       Constrict         |    20 |     6 ||    26
       Unarmed           |     2 |       ||     2
       Tentacles         |     8 |     3 ||    11
       Long sword        |     4 |    18 ||    22
 Fire: Arbalest          |       |     5 ||     5
 Cast: Sandblast         |     5 |    10 ||    15
  Use: Potion            |       |     2 ||     2
 Stab: Sleeping          |     5 |       ||     5
       Distracted        |       |     1 ||     1
  Eat: Chunk             |     2 |     2 ||     4
Armor: Skin              |     8 |     4 ||    12
Dodge: Dodged            |    45 |    17 ||    62
       Rpst.: Long sword |     1 |       ||     1
